 Dungeon Crawl Stone Soup version 0.32-a0-468-g38b2580584 (webtiles) character file.

Game seed: 15335174268435498019

326246 javelincjr the Warrior (level 20, -2/191 HPs)
             Began as a Demonspawn Monk on Feb 23, 2024.
             Was a High Priest of Beogh.
             Killed from afar by an acid blob (46 damage)
             ... with a splash of acid
             ... on level 5 of the Pits of Slime on Feb 24, 2024.
             The game lasted 04:24:07 (38207 turns).

javelincjr the Warrior (Demonspawn Monk)           Turns: 38207, Time: 04:24:07

Health: -2/191     AC: 33    Str: 29    XL:     20   Next: 75%
Magic:  14/20      EV: 16    Int: 15    God:    Beogh [*****.]
Gold:   4755       SH:  0    Dex: 18    Spells: 31/32 levels left

rFire   . . .        a - +9 war axe (spect)
rCold   . . .        j - +3 kite shield {reflect}
rNeg    + . .        z - +14 chain mail of Xaqitt {Will+ Str+4 SInv Stlth+}
rPois   +            (helmet unavailable)
rElec   +            W - +1 cloak "Gyuc" {rPois Will+ Stlth-}
rCorr   .            g - +2 pair of gloves
SInv    +            S - +3 pair of boots of Gluttony {rElec rN+ MP-9 Str+2}
Will    +++..        T - amulet "Boramis" {Regen+ Int+3} Stlth
                     C - +4 ring of slaying
HPRegen 1.31/turn    H - +6 ring of strength
MPRegen 0.17/turn

%: reflection
@: confused, ambrosia-drunk, corroded, sanguine armoured, fragile (+50% incoming
damage), chanting a vengeful prayer
A: walk on water, horns 3, ignite blood 2, robust 1, spiny 3, sanguine armour 3
}: 2/15 runes: decaying, gossamer
a: Renounce Religion, Smiting, Recall Apostles, Blood for Blood, Dismiss Arbolt,
warrior, Dismiss Wargrak, priest, Dismiss Gorg, priest


You were on level 5 of the Pits of Slime.
You worshipped Beogh.
Beogh was extremely pleased with you.
You visited 7 branches of the dungeon, and saw 37 of its levels.
You visited the Abyss 1 time.
You also visited: Gauntlet and Ice Cave.

You collected 7255 gold pieces.
You spent 2500 gold pieces at shops.

Inventory:

Hand Weapons
 a - a +9 spectral war axe (weapon)
 b - the +5 longbow "Rechitro" {freeze, +Blink Int+3}
   (You found it on level 3 of the Swamp)

   Int+3:     It affects your intelligence (+3).
   +Blink:    It lets you blink.
 h - a +1 short sword of distortion
 x - the +11 Singing Sword {sonic wave}
   (You found it on level 3 of the Elven Halls)
Missiles
 B - 42 poisoned darts
 M - 7 javelins
 Q - 10 curare-tipped darts
Armour
 g - a +2 pair of gloves (worn)
 j - a +3 kite shield of reflection (worn)
 v - an orb of wrath
 z - the +14 chain mail of Xaqitt (worn) {Will+ Str+4 SInv Stlth+}
   (You found it on level 2 of the Swamp)

   Str+4:     It affects your strength (+4).
   Will+:     It increases your willpower.
   SInv:      It lets you see invisible.
   Stlth+:    It makes you more stealthy.
 S - the +3 pair of boots of Gluttony (worn) {rElec rN+ MP-9 Str+2}
   (You bought it in a shop on level 8 of the Dungeon)

   Str+2:     It affects your strength (+2).
   rElec:     It insulates you from electricity.
   rN+:       It protects you from negative energy.
   MP-9:      It affects your magic capacity (-9).
 W - the +1 cloak "Gyuc" (worn) {rPois Will+ Stlth-}
   (You found it in a Gauntlet)

   rPois:     It protects you from poison Will+: It increases your willpower.
   Stlth-:    It makes you less stealthy.
 Z - a scarf of resistance
Jewellery
 C - a +4 ring of slaying (left hand)
 F - a ring of flight
 H - a +6 ring of strength (right hand)
 T - the amulet "Boramis" (around neck) {Regen+ Int+3}
   (You bought it in a shop on level 2 of the Orcish Mines)

   [amulet of regeneration]

   Int+3:     It affects your intelligence (+3).
   Regen+:    It increases your rate of health regeneration.
 U - the amulet of Siadaveixt {Acrobat -Tele rPois SInv}
   (You found it on level 3 of the Elven Halls)

   [amulet of the acrobat]

   Acrobat:   It increases your evasion while moving and waiting.
   rPois:     It protects you from poison SInv: It lets you see invisible.
   -Tele:     It prevents most forms of teleportation.
Wands
 u - a wand of mindburst (43)
 w - a wand of digging (15)
 y - a wand of acid (27)
 A - a wand of iceblast (24)
 O - a wand of flame (64)
Scrolls
 d - 2 scrolls of amnesia
 i - 10 scrolls of teleportation
 m - 9 scrolls of fog
 o - 4 scrolls of revelation
 r - a scroll of blinking
 E - 2 scrolls of silence
 R - 6 scrolls of poison
 X - 6 scrolls of enchant weapon
Potions
 c - 5 potions of ambrosia
 e - 3 potions of mutation
 l - 3 potions of resistance
 n - 4 potions of attraction
 p - 4 potions of haste
 q - 3 potions of berserk rage
 s - 6 potions of enlightenment
 t - 3 potions of magic
 D - 4 potions of brilliance
 G - 10 potions of might
 I - 8 potions of curing
 J - 4 potions of invisibility
 N - 6 potions of heal wounds
 V - 3 potions of cancellation
Miscellaneous
 f - a lightning rod (1/4)
 K - a phantom mirror
 L - a phial of floods
 P - a condenser vane
 Y - a box of beasts


   Skills:
 * Level 19.5 Fighting
 - Level 5.5(6.0) Short Blades
 - Level 3.4(5.0) Long Blades
 - Level 15.9(16.0) Axes
 - Level 1.0(10.4) Maces & Flails
 - Level 1.9 Ranged Weapons
 + Level 13.5 Armour
 + Level 13.7 Dodging
 + Level 11.6 Stealth
 * Level 4.5 Shields
 - Level 2.5 Unarmed Combat
 + Level 6.5 Spellcasting
 + Level 3.0 Fire Magic
 - Level 9.3 Invocations
 - Level 11.7 Evocations


You had 31 spell levels left.
You knew the following spells:

 Your Spells              Type           Power      Damage    Failure   Level
a - Foxfire               Conj/Fire      36%        2x1d5     38%         1

Your spell library contained the following spells:

 Spells                   Type           Power      Damage    Failure   Level
 Apportation              Tloc           8%         N/A       63%         1
 Freeze                   Ice            16%        1d4       63%         1
 Necrotise                Necr           16%        1d4       63%         1
 Shock                    Conj/Air       16%        1d4       63%         1
 Sting                    Conj/Alch      16%        1d4       63%         1
 Summon Small Mammal      Summ           16%        N/A       63%         1
 Cigotuvi's Dreadful Rot  Necr/Alch/Air  8%         N/A       77%         2
 Jinxbite                 Hex            8%         N/A       77%         2
 Lesser Beckoning         Tloc           8%         N/A       77%         2
 Static Discharge         Conj/Air       8%         3-4/arc   77%         2
 Inner Flame              Hex/Fire       9%         N/A       77%         3
 Volatile Blastmotes      Fire/Tloc      18%        2d11      77%         3
 Call Canine Familiar     Summ           4%         N/A       94%         3
 Dazzling Flash           Conj/Hex       8%         N/A       94%         3
 Frozen Ramparts          Ice            8%         1d2       94%         3
 Gell's Gravitas          Tloc           4%         N/A       94%         3
 Hailstorm                Conj/Ice       4%         3d5       94%         3
 Sigil of Binding         Hex            4%         N/A       94%         3
 Swiftness                Air            4%         N/A       94%         3
 Teleport Other           Tloc           4%         N/A       94%         3
 Tukima's Dance           Hex            4%         N/A       94%         3
 Vampiric Draining        Necr           4%         2d6       94%         3
 Airstrike                Air            2%         2d(1-17)  100%        4
 Brom's Barrelling Bould  Conj/Erth      4%         2d3       100%        4
 Dimensional Bullseye     Hex/Tloc       2%         N/A       100%        4
 Dispel Undead            Necr           4%         3d7       100%        4
 Iskenderun's Mystic Bla  Conj/Tloc      4%         2d3       100%        4
 Martyr's Knell           Necr/Summ      4%         N/A       100%        4
 Passage of Golubria      Tloc           4%         N/A       100%        4
 Summon Lightning Spire   Summ/Air       4%         N/A       100%        4
 Curse of Agony           Necr           4%         N/A       100%        5
 Fireball                 Conj/Fire      4%         3d4       100%        5
 Irradiate                Conj/Alch      2%         3d12      100%        5
 Iskenderun's Battlesphe  Conj           4%         2d6       100%        5
 Silence                  Hex/Air        2%         N/A       100%        5
 Summon Forest            Summ/Tloc      2%         N/A       100%        5
 Yara's Violent Unravell  Hex/Alch       2%         3d3       100%        5
 Bombard                  Conj/Erth      2%         9d1       100%        6
 Conjure Ball Lightning   Conj/Air       2%         3x3d6     100%        6
 Death Channel            Necr           2%         N/A       100%        6
 Dispersal                Tloc           2%         N/A       100%        6
 Eringya's Noxious Bog    Alch           2%         4d6       100%        6
 Plasma Beam              Fire/Air       4%         2x1d14    100%        6
 Starburst                Conj/Fire      4%         6d4       100%        6
 Enfeeble                 Hex            2%         N/A       100%        7
 Malign Gateway           Summ/Tloc      2%         N/A       100%        7
 Orb of Destruction       Conj           2%         9d5       100%        7
 Spellforged Servitor     Conj/Summ      2%         N/A       100%        7
 Summon Hydra             Summ           2%         N/A       100%        7
 Ignition                 Fire           7%         3d4       100%        8
 Lehudib's Crystal Spear  Conj/Erth      2%         10d2      100%        8
 Maxwell's Capacitive Co  Air            2%         ∞         100%        8
 Summon Horrible Things   Summ           2%         N/A       100%        8


Dungeon Overview and Level Annotations

Branches:
Dungeon (14/15)            Temple (0/1) D:7            Lair (5/5) D:10
  Swamp (4/4) Lair:3       Spider (4/4) Lair:2        Slime (5/5) Lair:5
    Orc (2/2) D:10            Elf (3/3) Orc:2        Vaults (0/5) D:14
  IceCv (visited)         Gauntlet (visited)

Altars:
Hepliaklqana
Kikubaaqudgha
Makhleb
Qazlal
Sif Muna
Vehumet
Beogh
Jiyva

Shops:
D:8 [   Orc:2 (==(   Elf:1 !   Elf:2 !=*   Elf:3 !

Portals:
Hell: Lair:5
Trove: D:14 (give horn of Geryon)

Annotations:
D:8 1 runed translucent door, dialectric's ghost, novice CoBe


Innate Abilities, Weirdness & Mutations

You can walk on water.
Your facial features are unmistakably orcish.
You have a pair of large horns on your head.
Your demonic aura often causes spilled blood to erupt in flames.
You are robust. (+10% HP)
You are completely covered in sharp spines.
When seriously injured, your blood forms very thick armour. (AC +12)


Message History

A slime creature comes into view.
The acid blob spits acid at you. The splash of acid hits you!!
* * * LOW HITPOINT WARNING * * *
Your orc warrior shoots an arrow.
The arrow hits the rockslime but does no damage.
Your orc warrior shoots an arrow.
The arrow hits the rockslime.
Your orc priest mumbles some strange prayers to Beogh against the rockslime.
The rockslime writhes in agony!
The acid blob spits acid at you. The splash of acid hits you!
* * * LOW HITPOINT WARNING * * *
Your orc warrior shoots an arrow.
The arrow hits the rockslime but does no damage.
Your orc warrior shoots an arrow.
The arrow hits the rockslime but does no damage.
Your orc priest calls down the wrath of Beogh upon the rockslime.
The rockslime is smitten.
The glass eye gazes at you.
You feel your fragility will last longer.
The rockslime hits your orc!!
Your orc stumbles backwards!
Your orc dies!
Your orc warrior shoots an arrow.
The arrow hits the rockslime but does no damage.
The glass eye gazes at you.
You feel your fragility will last longer.
Your orc warrior shoots an arrow.
The arrow hits the rockslime!
Your orc warrior shoots an arrow.
The arrow hits the rockslime but does no damage.
The acid blob spits acid at you. The splash of acid misses you.
There is a stone staircase leading up here.
You are confused.
You feel invigorated.
Your orc warrior no longer looks unusually strong.
The rockslime hits your orc priest!!
Your orc priest stumbles backwards!
Your orc priest dies!
The acid blob spits acid at you. The splash of acid hits you!!
You die...

###..####..#...
##.#....###.....
###...............
#.................
##.......o.........
#....o.............
#........o.........
###..................
#####...@................
#........o...............
##........................
###....§J..J................
###
........☼○GJ......^........
#..###..o.................
....
#.........o..J........#.
.#.# ##..................###
## ##.#.................#


You could see 2 acid blobs, a slime creature, a rockslime (unaware, ally
target), a glass eye, a friendly orc warlord, 3 friendly orc warriors, a
friendly orc priest and a friendly orc.

Vanquished Creatures
  the Royal Jelly (Slime:5)
  A shard shrike (IceCv)
  Norris (Elf:3)
  Mlioglotl (Swamp:3)
  Jorgrun (D:13)
  5 acid blobs
  A deep elf master archer (Elf:3)
  Aizul (Swamp:1)
  3 fenstrider witches (Swamp:4)
  Donald (Swamp:4)
  6 rockslimes
  5 azure jellies (Slime:5)
  4 ghost moths (Spider:4)
  5 deep elf sorcerers (Elf:3)
  Louise (Swamp:3)
  3 emperor scorpions
  2 deep elf elementalists (Elf:3)
  A very ugly thing (Abyss:3)
  2 ghouls (Swamp:4)
  3 broodmothers
  2 quicksilver oozes (Slime:5)
  4 orc warlords
  3 deep elf demonologists
  3 deep elf death magi (Elf:3)
  4 eleionomae
  3 bunyips
  A minotaur (Gauntlet)
  8 deep elf annihilators
  A white draconian (IceCv)
  A dire elephant (Lair:5)
  Azrael (Spider:2)
  2 shambling mangroves
  Josephine (D:13)
  3 jiangshi (Abyss:3)
  2 entropy weavers (Spider:2)
  3 great orbs of eyes
  Fannar (D:12)
  2 jorogumos
  A rakshasa (Abyss:3)
  2 vault guards (D:14)
  2 spriggan air magi (Swamp:4)
  3 ironbound frosthearts
  An ogre mage (Orc:2)
  5 alligators
  A boulder beetle (Lair:3)
  13 hydras
  2 hell beasts (Swamp:4)
  2 centaur warriors (D:14)
  3 ghost crabs
  A death knight (D:13)
  15 dancing weapons
  3 two-headed ogres
  3 catoblepae
  A tengu warrior (D:14)
  3 radroaches
  3 demonic crawlers
  3 death yaks
  A vampire mage (Abyss:3)
  A spriggan berserker (Swamp:4)
  7 orc high priests
  Sonja (D:10)
  2 occultists (Swamp:4)
  A thrashing horror (Abyss:3)
  2 soul eaters (Swamp:4)
  17 deep elf knights
  12 pharaoh ants
  4 skeletal warriors (D:14)
  6 skysharks
  3 sixfirhies
  5 goliath frogs
  3 glowing orange brains
  A sun moth (Spider:2)
  An arcanist (Lair:5)
  5 spriggan druids
  8 orc apostles
  5 orb spiders
  4 swamp dragons
  10 deep elf archers
  An orange crystal statue (IceCv)
  A swamp dragon (shapeshifter) (D:14)
  3 bog bodies
  A lindwurm (shapeshifter) (Elf:1)
  8 orc knights
  24 deep elf pyromancers
  5 steelbarb worms
  13 ugly things
  A will-o-the-wisp (Swamp:4)
  17 deep elf zephyrmancers
  A necromancer (D:13)
  2 manticores
  6 orc sorcerers
  23 wolf spiders
  5 moths of wrath
  5 cyclopes
  Joseph (D:8)
  6 elephants
  A shining eye (Slime:5)
  6 kobold blastminers (Orc:2)
  A meliai (shapeshifter) (D:13)
  5 meliai
  An apocalypse crab (Abyss:3)
  A worldbinder (Abyss:3)
  2 rust devils
  7 black mambas
  5 torpor snails
  8 orange demons
  11 cane toads
  A gargoyle (Gauntlet)
  6 komodo dragons
  19 rime drakes
  A tengu conjurer (D:14)
  2 kobold demonologists
  3 freezing wraiths
  A komodo dragon (shapeshifter) (Elf:1)
  2 queen bees
  An ice devil (Lair:5)
  A wind drake (shapeshifter) (Elf:1)
  8 trolls
  19 tarantellas
  A troll (shapeshifter) (Elf:3)
  9 tyrant leeches
  14 polar bears
  An ancient zyme (Abyss:3)
  4 raiju (Abyss:3)
  3 hellwings
  13 hornets
  A hornet (shapeshifter) (Elf:1)
  18 blink frogs
  10 dream sheep (Lair:5)
  49 slime creatures
  25 jumping spiders
  6 air elementals
  9 spriggans
  4 wyverns
  A dire elephant simulacrum (Abyss:3)
  A vampire (D:11)
  A jumping spider (shapeshifter) (Elf:1)
  2 ynoxinuls (Abyss:3)
  22 culicivoras
  A spriggan (shapeshifter) (Elf:1)
  3 water elementals
  8 wraiths
  32 yaks
  5 fire elementals
  6 starcursed masses (Abyss:3)
  4 humans (D:14)
  A basilisk (D:11)
  A golden eye (Slime:1)
  49 redbacks
  2 death yak simulacra (D:13)
  3 chaos spawn
  11 swamp worms
  Edmund (D:5)
  3 wargs
  19 vampire mosquitoes
  An acid dragon (D:11)
  A small abomination (Abyss:3)
  A steam dragon (D:9)
  5 hydra simulacra (D:13)
  12 water moccasins
  7 hell hounds
  A swamp drake (Lair:3)
  14 orc warriors
  4 black bears
  20 ogres
  A sky beast (D:7)
  An ice beast (D:7)
  A black bear (shapeshifter) (Elf:1)
  15 wolves
  A tengu (shapeshifter) (Elf:1)
  8 centaurs
  3 phantoms
  4 kobold brigands
  Blork the orc (D:4)
  11 bullfrogs
  2 brain worms (Abyss:3)
  A gnoll sergeant (D:10)
  3 earth elementals
  2 scorpions
  8 wights
  7 killer bees
  7 howler monkeys
  2 bombardier beetles (D:7)
  4 electric eels
  A quasit (Abyss:3)
  A hound (D:5)
  The ghost of PriceMaster the Apothecary, a weakling SpAl (D:3)
  2 jellies
  Crazy Yiuf (D:4)
  16 orc priests
  A gnoll bouda (D:6)
  4 iguanas
  2 sleepcaps (D:5)
  8 orc wizards
  2 hell rats (Lair:2)
  11 gnolls
  7 adders
  2 shadow imps (D:13)
  3 white imps
  A hell rat simulacrum (D:13)
  5 ufetubi
  2 dart slugs (D:2)
  21 orcs
  7 endoplasms
  3 giant cockroaches
  12 hobgoblins
  4 jackals (D:1)
  6 quokkas
  11 ball pythons
  4 bats
  5 frilled lizards
  7 goblins
  22 kobolds
  5 rats
1162 creatures vanquished.

Vanquished Creatures (collateral kills)
  12 acid blobs
  2 deep elf blademasters (Elf:3)
  Roxanne (Swamp:4)
  2 azure jellies (Slime:5)
  An emperor scorpion (Spider:4)
  7 rockslimes
  A deep elf sorcerer (Elf:3)
  6 quicksilver oozes
  A broodmother (Spider:4)
  2 deep elf demonologists
  A deep elf annihilator (Elf:3)
  3 eleionomae
  A bunyip (Swamp:1)
  2 spark wasps (Spider:3)
  3 great orbs of eyes
  An ice dragon (IceCv)
  3 hydras
  A jorogumo (Spider:1)
  A vault guard (D:14)
  2 death yaks (Lair:5)
  8 dancing weapons (Elf:2)
  An ogre mage (Swamp:4)
  2 boulder beetles
  2 demonic crawlers
  The ghost of zenocrate the Covert, a journeyman SpDe of Gozag (D:10)
  9 deep elf knights (Elf:2)
  A skeletal warrior (D:14)
  A spriggan druid (Swamp:4)
  An arcanist (Swamp:4)
  4 orb spiders
  Lodul (D:14)
  4 deep elf zephyrmancers
  A lindwurm (Lair:5)
  2 orc knights
  5 deep elf archers
  A swamp dragon (Swamp:4)
  10 deep elf pyromancers
  3 wolf spiders
  An ugly thing (IceCv)
  2 will-o-the-wisps
  A shining eye (Slime:4)
  A meliai (Spider:2)
  3 elephants
  An eye of devastation (Slime:5)
  3 cane toads
  A kobold demonologist (D:10)
  2 torpor snails (Spider:4)
  2 orange demons (Lair:5)
  4 rime drakes
  A komodo dragon (Lair:5)
  5 polar bears
  2 tarantellas (Spider:3)
  A hornet (Swamp:4)
  4 blink frogs
  A raiju (Abyss:3)
  3 dream sheep (Lair:5)
  An air elemental (Elf:1)
  11 jumping spiders
  36 slime creatures
  2 wraiths
  3 culicivoras
  A vampire (D:10)
  14 yaks
  A starcursed mass (Abyss:3)
  A golden eye (Slime:1)
  2 basilisks
  A vampire mosquito (Swamp:3)
  19 redbacks
  A death yak simulacrum (D:13)
  3 water moccasins
  A black bear (Lair:5)
  An orc warrior (D:9)
  An ogre (D:14)
  A centaur (D:9)
  3 wolves
  A kobold brigand (D:9)
  3 bullfrogs
  A wight (D:9)
  3 killer bees (D:10)
  A howler monkey (D:8)
  3 orc priests
  3 orc wizards
  5 hell rats
  A gnoll (D:10)
  2 hell rat simulacra (D:13)
  An ufetubus (Abyss:3)
  3 kobolds
  2 butterflies (Lair:1)
  A lurking horror (Abyss:3)
281 creatures vanquished.

Vanquished Creatures (others)
  A rockslime (Slime:1)
  2 orc warlords (Slime:5)
  A two-headed ogre (shapeshifter) (Elf:1)
  15 orc apostles
  3 orc knights
  A deep elf zephyrmancer (Elf:3)
  A rust devil (Elf:2)
  A bloated husk (Swamp:1)
  A tyrant leech (Spider:4)
  A ynoxinul (Abyss:3)
  5 orc warriors
  An ogre (Orc:2)
  11 orc priests
  4 orc wizards (Orc:2)
  19 orcs
  315 foxfires
  24 spectral weapons
406 creatures vanquished.

Grand Total: 1849 creatures vanquished

Notes
Turn   | Place    | Note
-------+----------+-------------------------------------------
     0 | D:1      | javelincjr the Demonspawn Monk began the quest for the Orb.
     0 | D:1      | Reached XP level 1. HP: 18/18 MP: 1/1
   214 | D:1      | Gained mutation: When seriously injured, your blood forms
                  | armour. (AC +12) [demonic ancestry]
   214 | D:1      | Reached XP level 2. HP: 13/24 MP: 2/2
   683 | D:1      | Reached XP level 3. HP: 23/29 MP: 3/3
  1497 | D:3      | Reached skill level 1 in Maces & Flails
  1950 | D:3      | Found a transporter.
  1951 | D:3      | Noticed PriceMaster's ghost (weakling SpAl)
  1951 | D:3      | Noticed an ogre
  1951 | D:3      | Noticed an ogre
  1957 | D:3      | Found a transporter.
  2275 | D:4      | Noticed Blork the orc
  2291 | D:3      | Gained mutation: You have a pair of small horns on your
                  | head. [demonic ancestry]
  2291 | D:3      | Reached XP level 4. HP: 34/35 MP: 4/4
  2334 | D:4      | Noticed a scorpion
  2342 | D:4      | Killed a scorpion
  2343 | D:4      | Reached skill level 1 in Armour
  2532 | D:4      | Noticed a sky beast
  2532 | D:4      | Noticed a steam dragon
  2852 | D:4      | Reached XP level 5. HP: 42/42 MP: 5/5
  3029 | D:4      | Found a runed translucent door.
  3030 | D:4      | Noticed Crazy Yiuf
  3038 | D:4      | Killed Crazy Yiuf
  3039 | D:4      | Reached skill level 1 in Evocations
  3238 | D:4      | Killed Blork the orc
  3239 | D:4      | Reached skill level 4 in Fighting
  3392 | D:5      | Entered Level 5 of the Dungeon
  3407 | D:5      | Gained mutation: When seriously injured, your blood forms
                  | thick armour. (AC +12) [demonic ancestry]
  3407 | D:5      | Reached XP level 6. HP: 48/48 MP: 6/6
  3543 | D:5      | Found a hazy altar of Hepliaklqana.
  3639 | D:5      | Noticed Edmund
  3652 | D:5      | Killed Edmund
  3653 | D:5      | Gained mutation: Your demonic aura sometimes causes spilled
                  | blood to erupt in flames. [demonic ancestry]
  3653 | D:5      | Reached XP level 7. HP: 6/55 MP: 7/7
  4062 | D:5      | Identified the +0 ring mail of Tiazosem {+Inv SInv}
  4175 | D:5      | Reached skill level 1 in Unarmed Combat
  4175 | D:5      | Became a worshipper of Beogh the Shepherd
  4175 | D:5      | Reached * piety under Beogh
  4175 | D:5      | Reached ** piety under Beogh
  4504 | D:3      | Reached skill level 5 in Fighting
  4504 | D:3      | Gained mutation: You are partially covered in sharp spines.
                  | [demonic ancestry]
  4504 | D:3      | Reached XP level 8. HP: 51/62 MP: 8/8
  4506 | D:3      | Killed PriceMaster's ghost
  4675 | D:6      | Reached skill level 5 in Axes
  4962 | D:6      | Reached skill level 5 in Dodging
  5062 | D:6      | Identified the +5 leather armour of Omeff {Str+7 Int-5
                  | Dex+2 Stlth-}
  5393 | D:6      | Reached skill level 1 in Invocations
  5423 | D:6      | Reached skill level 6 in Fighting
  5423 | D:6      | Gained mutation: You are mostly covered in sharp spines.
                  | [demonic ancestry]
  5423 | D:6      | Reached XP level 9. HP: 37/69 MP: 8/10
  5974 | D:7      | You fall into a shaft and drop 2 floors!
  6113 | D:7      | Found a staircase to the Ecumenical Temple.
  6459 | D:8      | Found Pitoist's Armour Boutique.
  6465 | D:8      | Bought the +3 pair of boots of Gluttony {rElec rN+ MP-9
                  | Str+2} for 276 gold pieces
  6478 | D:8      | Noticed Joseph
  6485 | D:8      | Killed Joseph
  6486 | D:8      | Reached skill level 7 in Fighting
  6725 | D:8      | Found a runed translucent door.
  6725 | D:8      | Noticed dialectric's ghost (novice CoBe)
  6816 | D:8      | Identified the +0 leather armour "Ileir" {Str-5 Int+4
                  | Slay+4}
  6863 | D:8      | Reached *** piety under Beogh
  6883 | D:8      | Identified the +4 mace "Teoh" {freeze, Int+4}
  6883 | D:8      | Noticed Boldo
  6900 | D:8      | Anointed Boldo the priest as your apostle
  6952 | D:8      | Reached skill level 5 in Armour
  7493 | D:9      | Reached XP level 10. HP: 79/79 MP: 2/13
  8149 | D:10     | Entered Level 10 of the Dungeon
  8182 | D:10     | Found a transporter.
  8187 | D:10     | Found a transporter.
  8204 | D:10     | Noticed zenocrate's ghost (journeyman SpDe)
  8209 | D:10     | Noticed Sonja
  8213 | D:10     | Killed Sonja
  8354 | D:10     | Reached skill level 8 in Fighting
  8373 | D:10     | Noticed Norbak
  8379 | D:10     | Anointed Norbak the priest as your apostle
  8490 | D:10     | Found a stormy altar of Qazlal.
  8558 | D:10     | Found a staircase to the Orcish Mines.
  8572 | D:10     | Reached skill level 5 in Invocations
  8591 | D:10     | Noticed a sixfirhy
  8697 | D:10     | Found a staircase to the Lair.
  8704 | D:10     | Reached **** piety under Beogh
  9023 | D:10     | Killed zenocrate's ghost
  9024 | D:10     | Reached skill level 9 in Fighting
  9024 | D:10     | Reached XP level 11. HP: 83/89 MP: 6/15
  9128 | Lair:1   | Entered Level 1 of the Lair of Beasts
  9400 | Lair:1   | Reached skill level 10 in Fighting
  9567 | Lair:1   | Noticed a four-headed hydra
  9570 | Lair:1   | Killed a five-headed hydra
 10046 | Lair:2   | Noticed a six-headed hydra
 10051 | Lair:2   | Killed a seven-headed hydra
 10220 | Lair:2   | Reached XP level 12. HP: 98/98 MP: 8/17
 10241 | Lair:2   | Identified the +1 long sword "Piffurr" {freeze, rC+++ Int+4
                  | Dex-4 Stlth-}
 10249 | Lair:2   | Anointed Okrist the warrior as your apostle
 10372 | Lair:2   | Found a hazy altar of Hepliaklqana.
 10417 | Lair:2   | Reached ***** piety under Beogh
 10535 | Lair:2   | Found a hole to the Spider Nest.
 10568 | Lair:2   | Noticed a four-headed hydra
 10572 | Lair:2   | Killed a five-headed hydra
 10573 | Lair:2   | Reached skill level 10 in Axes
 11174 | Lair:3   | Reached skill level 11 in Fighting
 11426 | Lair:3   | Noticed a boulder beetle
 11432 | Lair:3   | Killed a boulder beetle
 11544 | Lair:3   | Found a staircase to the Swamp.
 11556 | Lair:3   | Identified a scroll of acquirement
 11802 | Lair:4   | Found an ancient bone altar of Kikubaaqudgha.
 12281 | Lair:4   | Reached XP level 13. HP: 97/107 MP: 10/19
 12423 | Lair:4   | Reached skill level 1 in Stealth
 12709 | Lair:5   | Entered Level 5 of the Lair of Beasts
 12725 | Lair:5   | Your ally Boldo died
 12726 | Lair:5   | Reached skill level 12 in Fighting
 12915 | Lair:5   | Identified the +11 dagger "Fukim" {speed, *Rage rN++ Will+}
 12927 | Lair:5   | Reached skill level 5 in Evocations
 12985 | Lair:5   | Reached skill level 1 in Short Blades
 13014 | Lair:5   | Anointed Horkud the warrior as your apostle
 13301 | Lair:5   | Found a burning altar of Makhleb.
 13308 | Lair:5   | Reached ****** piety under Beogh
 13317 | Lair:5   | Found a gateway to Hell.
 13489 | Lair:5   | Noticed a dire elephant
 13494 | Lair:5   | Killed a dire elephant
 13613 | Lair:5   | Found a viscous altar of Jiyva.
 13613 | Lair:5   | Found a staircase to the Slime Pits.
 13647 | Lair:5   | Gained mutation: You have a pair of horns on your head.
                  | [demonic ancestry]
 13647 | Lair:5   | Reached XP level 14. HP: 116/116 MP: 11/20
 13826 | Lair:5   | Reached skill level 13 in Fighting
 14520 | Spider:1 | Entered Level 1 of the Spider Nest
 15211 | Spider:1 | Reached skill level 5 in Short Blades
 15887 | Spider:1 | Reached skill level 5 in Stealth
 16129 | Spider:1 | Anointed Arbolt the warrior as your apostle
 16205 | Spider:1 | Found the +13 scythe of Curses {drain, curses, ^Drain}
 16219 | Spider:1 | Noticed an emperor scorpion
 16221 | Spider:1 | Killed an emperor scorpion
 16400 | Spider:1 | Noticed a broodmother
 16403 | Spider:1 | Killed a broodmother
 16593 | Spider:2 | Your ally Norbak died
 16595 | Spider:2 | Your ally Horkud died
 16596 | Spider:2 | Reached skill level 10 in Dodging
 16714 | Swamp:1  | Entered Level 1 of the Swamp
 16722 | Swamp:1  | Acquired 1350 gold pieces
 16735 | Swamp:1  | Gained mutation: Your demonic aura often causes spilled
                  | blood to erupt in flames. [demonic ancestry]
 16735 | Swamp:1  | Reached XP level 15. HP: 125/125 MP: 12/21
 16738 | Swamp:1  | Found a glacial archway.
 16750 | Swamp:1  | Reached skill level 14 in Fighting
 17020 | IceCv    | Entered an ice cave
 17757 | IceCv    | Noticed a shard shrike
 17759 | IceCv    | Killed a shard shrike
 17760 | IceCv    | Reached skill level 10 in Armour
 18054 | IceCv    | Your ally Norbak died
 18113 | Swamp:1  | Your ally Arbolt died
 18603 | Swamp:1  | Your ally Horkud died
 19300 | D:12     | Noticed Fannar
 19307 | D:12     | Killed Fannar
 19860 | D:13     | Noticed Jorgrun
 19869 | D:13     | Killed Jorgrun
 20018 | D:13     | Identified the +1 dagger of Tugrestirch {pain, Int+5}
 20113 | D:13     | Anointed Dorog the wizard as your apostle
 20193 | D:13     | Noticed Josephine
 20195 | D:13     | Reached skill level 15 in Fighting
 20198 | D:13     | Killed Josephine
 20199 | D:13     | Gained mutation: You have a pair of large horns on your
                  | head. [demonic ancestry]
 20199 | D:13     | Reached XP level 16. HP: 123/136 MP: 9/22
 20204 | D:13     | Your ally Dorog died
 20212 | D:13     | Found a gate leading to a gauntlet.
 20227 | Gauntlet | Entered a Gauntlet
 20227 | Gauntlet | Found a transporter.
 20227 | Gauntlet | Found a runed translucent door.
 20228 | Gauntlet | Found a runed translucent door.
 20234 | Gauntlet | Found a transporter.
 20237 | Gauntlet | Found a transporter.
 20238 | Gauntlet | Found a transporter.
 20247 | Gauntlet | Found a transporter.
 20249 | Gauntlet | Found a transporter.
 20250 | Gauntlet | Found a transporter.
 20259 | Gauntlet | Found a transporter.
 20261 | Gauntlet | Found a transporter.
 20262 | Gauntlet | Found a transporter.
 20328 | Gauntlet | Found a transporter.
 20331 | Gauntlet | Found a transporter.
 20332 | Gauntlet | Found a transporter.
 20339 | Gauntlet | Found a runed translucent door.
 20342 | Gauntlet | Found a transporter.
 20792 | Gauntlet | Identified the +1 cloak "Gyuc" {rPois Will+ Stlth-}
 21900 | D:14     | Your ally Horkud died
 21978 | D:14     | Noticed Lodul
 21985 | D:14     | Killed Lodul
 22077 | D:14     | Found a portal to a secret trove of treasure.
 22294 | D:14     | Found a gate to the Vaults.
 23296 | Spider:2 | Noticed Azrael
 23304 | Spider:2 | Killed Azrael
 23317 | Spider:2 | Identified the +2 dagger of Eggoucw {elec, MP+9 Int+6
                  | Dex+4}
 24519 | Spider:3 | Reached skill level 16 in Fighting
 24571 | Spider:3 | Gained mutation: When seriously injured, your blood forms
                  | very thick armour. (AC +12) [demonic ancestry]
 24571 | Spider:3 | Reached XP level 17. HP: 77/144 MP: 14/23
 25010 | Spider:4 | Entered Level 4 of the Spider Nest
 25911 | Spider:4 | Your ally Dorog died
 25912 | Spider:4 | HP: 2/145 [wolf spider (10)]
 25914 | Spider:4 | Your ally Arbolt died
 25923 | Spider:4 | Your ally Horkud died
 26140 | Spider:4 | Reached skill level 15 in Axes
 26149 | Spider:4 | HP: 7/146 [emperor scorpion (14)]
 26253 | Spider:4 | Identified the +1 hat of Puffyllo {rPois Str+2 Stlth+}
 26257 | Spider:4 | Got a gossamer rune of Zot
 26777 | Orc:1    | Entered Level 1 of the Orcish Mines
 27149 | Orc:2    | Entered Level 2 of the Orcish Mines
 28035 | Orc:2    | Found a staircase to the Elven Halls.
 28363 | Orc:2    | Found Qubus's Weapon Shop.
 28403 | Orc:2    | Found Ypirr's Jewellery Boutique.
 28417 | Orc:2    | Bought the amulet "Boramis" {Regen+ Int+3} for 562 gold
                  | pieces
 28440 | Orc:2    | Found a roughly hewn altar of Beogh.
 28632 | Orc:2    | Found a roughly hewn altar of Beogh.
 28731 | Orc:2    | Found Zif Yng's Weapon Shoppe.
 28812 | Orc:2    | Found Vusad's Jewellery Emporium.
 28819 | Orc:2    | Reached skill level 17 in Fighting
 28991 | Elf:1    | Entered Level 1 of the Elven Halls
 28993 | Elf:1    | Paralysed by an air elemental for 1 turns
 28995 | Elf:1    | Your ally Dorog died
 28996 | Elf:1    | Paralysed by an air elemental for 1 turns
 29001 | Elf:1    | Reached skill level 10 in Evocations
 29112 | Elf:1    | Found a shimmering blue altar of Sif Muna.
 29132 | Abyss:3  | Cast into level 3 of the Abyss (a deep elf demonologist)
 29199 | Abyss:3  | Reached XP level 18. HP: 154/154 MP: 10/24
 29311 | Abyss:3  | Found a corrupted altar of Lugonu.
 29311 | Abyss:3  | Found a corrupted altar of Lugonu.
 29311 | Abyss:3  | Found a corrupted altar of Lugonu.
 29318 | Abyss:3  | Paralysed by accursed screaming for 1 turns
 29370 | Abyss:3  | Your ally Arbolt died
 29492 | Abyss:3  | Reached skill level 1 in Spellcasting
 29527 | Elf:1    | Escaped the Abyss
 29543 | Elf:1    | Your ally Horkud died
 29552 | Elf:1    | HP: 2/155 [something/shard of ice (14)]
 30716 | Elf:1    | You fall into a shaft and drop 1 floor!
 30743 | Elf:2    | Identified the +1 robe "Fucuavi" {rF+ Will+}
 30762 | Elf:2    | Anointed Orkwin the wizard as your apostle
 30952 | Elf:2    | Found a runed translucent gate.
 30953 | Elf:2    | Found a runed translucent gate.
 30953 | Elf:2    | Found a runed translucent gate.
 31113 | Elf:2    | Found Itzaizoost's Distillery.
 31137 | Elf:2    | Bought a potion of might for 76 gold pieces
 31137 | Elf:2    | Bought 2 potions of haste for 380 gold pieces
 31137 | Elf:2    | Bought 2 potions of invisibility for 304 gold pieces
 31314 | Elf:2    | Found Giurr's General Store.
 31317 | Elf:2    | Bought a potion of mutation for 144 gold pieces
 31317 | Elf:2    | Bought a potion of might for 72 gold pieces
 31367 | Elf:2    | Your ally Horkud died
 31384 | Elf:2    | Your ally Orkwin died
 31427 | Elf:2    | Identified the +7 long sword of Infection {freeze, *Slow
                  | rElec Str+3 Dex+4}
 31618 | Elf:2    | Found Atamiej's Jewellery Shoppe.
 31624 | Elf:2    | Reached skill level 10 in Stealth
 31934 | Elf:1    | Found Ilikhar's Distillery.
 31954 | Elf:1    | Bought a potion of haste for 140 gold pieces
 31954 | Elf:1    | Bought 2 potions of heal wounds for 140 gold pieces
 32269 | Elf:3    | Entered Level 3 of the Elven Halls
 32516 | Elf:3    | Found Puaforgh's Distillery.
 32528 | Elf:3    | Reached skill level 18 in Fighting
 32528 | Elf:3    | Gained mutation: You are completely covered in sharp
                  | spines. [demonic ancestry]
 32528 | Elf:3    | Reached XP level 19. HP: 157/163 MP: 16/25
 32532 | Elf:3    | Bought 2 potions of heal wounds for 140 gold pieces
 32532 | Elf:3    | Bought a potion of haste for 140 gold pieces
 32532 | Elf:3    | Bought a potion of might for 56 gold pieces
 32532 | Elf:3    | Bought a potion of heal wounds for 70 gold pieces
 32638 | Elf:3    | Identified the +0 leather armour "Zyash" {rC+ MP+9 Str-3
                  | Dex+2}
 32661 | Elf:3    | Your ally Horkud died
 32664 | Elf:3    | Your ally Arbolt died
 32758 | Elf:3    | Your ally Orkwin died
 33068 | Elf:3    | Acquired 725 gold pieces
 33092 | Elf:3    | Found the +11 Singing Sword {sonic wave}
 33099 | Elf:3    | Identified the +1 plate armour of Ketacih {*Slow +Blink
                  | rElec}
 33104 | Elf:3    | Identified the amulet of Siadaveixt {Acrobat -Tele rPois
                  | SInv}
 33122 | Elf:3    | Identified the +4 rapier "Ygaaxif" {freeze, Dex+2}
 33255 | Elf:3    | Found a radiant altar of Vehumet.
 33433 | Elf:3    | Noticed Norris
 33557 | Elf:3    | Killed Norris
 34410 | Swamp:2  | Identified the serpent talisman "Jeuffum" {rN+}
 34410 | Swamp:2  | Noticed Aizul
 34534 | Swamp:1  | Killed Aizul
 34835 | Swamp:2  | Identified the +14 chain mail of Xaqitt {Will+ Str+4 SInv
                  | Stlth+}
 35171 | Swamp:3  | Reached skill level 5 in Spellcasting
 35185 | Swamp:3  | Identified the +0 flail of Fomos {flame, rElec rPois Int-4}
 35200 | Swamp:3  | Anointed Wargrak the priest as your apostle
 35366 | Swamp:3  | Reached skill level 1 in Long Blades
 35442 | Swamp:3  | Noticed Louise
 35451 | Swamp:3  | Killed Louise
 35463 | Swamp:3  | Identified the +5 longbow "Rechitro" {freeze, +Blink Int+3}
 35468 | Swamp:3  | Learned a level 1 spell: Foxfire
 35703 | Swamp:3  | Noticed Mlioglotl
 35710 | Swamp:3  | Killed Mlioglotl
 35746 | Swamp:3  | Upgraded the game from 0.32-a0-450-g080537f31e to
                  | 0.32-a0-468-g38b2580584
 35786 | Swamp:4  | Entered Level 4 of the Swamp
 35947 | Swamp:4  | Reached skill level 1 in Ranged Weapons
 36042 | Swamp:4  | Got a decaying rune of Zot
 36121 | Swamp:4  | Gained mutation: You are robust. (+10% HP) [demonic
                  | ancestry]
 36121 | Swamp:4  | Reached XP level 20. HP: 141/189 MP: 19/28
 36243 | Swamp:4  | Noticed Roxanne
 36247 | Swamp:4  | Noticed Donald
 36259 | Swamp:4  | Killed Roxanne
 36264 | Swamp:4  | Killed Donald
 36395 | Swamp:4  | Reached skill level 19 in Fighting
 36764 | Slime:1  | Entered Level 1 of the Pits of Slime
 36770 | Slime:1  | Reached skill level 1 in Shields
 36876 | Slime:1  | Reached skill level 1 in Fire Magic
 37398 | Slime:1  | Found a viscous altar of Jiyva.
 37730 | Slime:5  | Entered Level 5 of the Pits of Slime
 37909 | Slime:4  | Identified the +8 flail "Cukkaox" {elec, *Corrode rC+
                  | Str+5}
 37923 | Slime:4  | Anointed Gorg the priest as your apostle
 38151 | Slime:5  | Noticed the Royal Jelly
 38162 | Slime:5  | Your ally Arbolt died
 38182 | Slime:5  | Your ally Wargrak died
 38187 | Slime:5  | Your ally Gorg died
 38199 | Slime:5  | Killed the Royal Jelly
 38207 | Slime:5  | Killed from afar by an acid blob

Illustrated notes

Levels and vault maps discovered:
D:1:      minmay_arrival_open_corners, layout_loops_ring, minmay_misc_feat_chi,
          chequers_serial_rivers_room_a
D:2:      layout_basic
D:3:      layout_loops_corners, serial_glass, glass_columns_a, glass_columns_a,
          glass_columns_a, gammafunk_ghost_smash
D:4:      layout_loops_corners, lightli_corner_chamber, uniq_blork_the_orc,
          uniq_crazy_yiuf_cottage
D:5:      layout_gridville, mainiacjoe_overflow_large_starburst, uniq_edmund
D:6:      layout_loops_ring, serial_library_regret_index_multi
D:7:      layout_loops_cross, minmay_temple_entry_trees, minmay_misc_feat_rows,
          corexii_corridor_pit
D:8:      layout_loops_ring, gammafunk_ghost_grave, minmay_shop_grid_forest,
          serial_bayou_pond_c, kennysheep_generic_room_6, uniq_joseph
D:9:      layout_cave_pods, nicolae_zig_zag_zippers
D:10:     layout_basic, grunt_qazlal_sundering, erik_lair_orcish_takeover,
          orc_0_dummy, gammafunk_ghost_hive, uniq_sonja
D:11:     layout_cross, disabler_island
D:12:     layout_small_grid, uniq_fannar
D:13:     layout_gridville, gauntlet_entry_generic, eino_house_with_fridge,
          uniq_josephine, uniq_jorgrun
D:14:     layout_roguey, hellmonk_vaults_keyhole, minmay_misc_feat_cross,
          nicolae_trove_entry_crystal, uniq_lodul
Lair:1:   layout_small_grid, infiniplex_staircase_pool, grunt_megastairs_3,
          lemuel_fruit_tree, lemuel_fruit_fields, lemuel_fruit_fields
Lair:2:   layout_cave_pods, dummy_spider_entry, basic_altar, st_stairs_5,
          beast_lair_carwin_9
Lair:3:   layout_chaotic_city, mainiacjoe_swamp_entry_lozenge_pond,
          beast_lair_carwin_11
Lair:4:   layout_regular_city, basic_altar
Lair:5:   evil_forest, layout_hall_layers, slime_entry_1,
          gammafunk_lair_bear_cave
Swamp:1:  nicolae_swamp_ascending_descending, layout_basic_swamp,
          portal_ice_cave_entry_pillars_four, evilmike_swamp_ruin_rubble_2,
          swamp_pool_1_2
Swamp:2:  layout_basic_swamp, nicolae_swamp_stuck_in_the_mud, swamp_pool_4,
          nzn_swamp_stair_ambush, uniq_aizul
Swamp:3:  layout_basic_swamp, evilmike_swamp_ruin_house_3, swamp_pool_1_2,
          uniq_louise, uniq_mlioglotl
Swamp:4:  nzn_swamp_witches_coven, layout_basic_swamp, uniq_roxanne, uniq_donald
Spider:1: layout_chambers, nicolae_spider_wall_of_niches
Spider:2: layout_chambers, uniq_azrael
Spider:3: layout_spider_delve
Spider:4: grunt_spider_rune_parallel, nicolae_spider_swamp_cousins
Slime:1:  layout_caves, special_room [special_room_jelly], basic_altar,
          cheibrodos_slime_lost_civilization_5
Slime:2:  layout_caves
Slime:3:  layout_caves, nicolae_slime_phagocytosis
Slime:4:  layout_caves
Slime:5:  slime_pit
Orc:1:    layout_caves, nicolae_orc_bridge_out
Orc:2:    pubby_orc_utopia
Elf:1:    nicolae_elf_arrival_aired_out, layout_loops_cross, serial_shops,
          nicolae_shop_tiny_statue_garden, basic_altar,
          nicolae_elf_shapeshifter_party
Elf:2:    nicolae_elf_blades_crystal_corner, layout_geoelf_diagonals,
          serial_shops, nicolae_shop_tiny_statue_garden,
          nicolae_shop_window_shopping, shop, hex_medium, evilmike_ambush
          [evilmike_ambush_outer_pillars, evilmike_ambush_inner_pond]
Elf:3:    minmay_elf_hall_dome, layout_geoelf_grid, serial_shops,
          nicolae_shop_peninsula, lemuel_statue_altar, uniq_norris

Skill      XL: |  1  2  3  4  5  6  7  8  9 10 11 12 13 14 15 16 17 18 19 20 |
---------------+-------------------------------------------------------------+-----
Axes           | 3 4 5 7 8 9 10 11 12 13 14 15 | 15.9
Dodging        | 3 4 5 6 7 8 9 10 11 12 13 | 13.7
Maces & Flails | 1 |  1.0
Armour         | 1 2 3 4 5 6 7 8 9 10 11 12 13 | 13.5
Evocations     | 1 2 3 4 5 6 8 9 10 11 | 11.7
Fighting       | 4 5 6 7 9 10 11 12 13 15 16 17 18 19 | 19.5
Unarmed Combat | 1 2 |  2.5
Invocations    | 1 4 6 7 9 |  9.3
Stealth        | 3 5 6 8 9 10 11 | 11.6
Short Blades   | 3 5 |  5.5
Spellcasting   | 3 5 6 |  6.5
Long Blades    | 3 |  3.4
Ranged Weapons | 1 |  1.9
Shields        | 4 |  4.5
Fire Magic     | 3 |  3.0

Action                     |  1- 3 |  4- 6 |  7- 9 | 10-12 | 13-15 | 16-18 | 19-21 || total
---------------------------+-------+-------+-------+-------+-------+-------+-------++-------
  Melee: Mace              |   132 |       |       |       |       |       |       ||   132
         Hand axe          |     7 |    74 |       |       |       |       |       ||    81
         Headbutt          |       |    18 |    18 |    17 |    91 |   148 |   119 ||   411
         War axe           |       |    24 |   129 |   153 |   372 |   619 |   372 ||  1669
         Double sword      |       |       |       |       |       |       |    11 ||    11
  Throw: Dart              |       |     7 |     8 |     1 |     6 |    20 |    18 ||    60
   Cast: Foxfire           |       |       |       |       |       |       |    20 ||    20
 Invoke: Convert to Beogh  |       |       |     1 |       |       |       |       ||     1
         Recruit Apostle   |       |       |     1 |     2 |     3 |     1 |     2 ||     9
         Recall Apostles   |       |       |       |     2 |    12 |    22 |     9 ||    45
         Dismiss Apostle   |       |       |       |       |     3 |     1 |     2 ||     6
         Smiting           |       |       |       |       |     2 |    65 |    23 ||    90
         Blood for Blood   |       |       |       |       |       |     2 |     1 ||     3
  Evoke: Wand              |       |     1 |       |       |       |       |     3 ||     4
         Lightning rod     |       |       |       |       |       |       |     8 ||     8
         Box of beasts     |       |       |       |       |       |       |     1 ||     1
         Phantom mirror    |       |       |       |       |       |       |     1 ||     1
    Use: Scroll            |     9 |     3 |     7 |    12 |     8 |     8 |     5 ||    52
         Potion            |       |       |     1 |       |     5 |    10 |     9 ||    25
   Stab: Sleeping          |     1 |     1 |     1 |       |     6 |    13 |     5 ||    27
         Distracted        |       |       |       |     3 |    16 |    15 |    25 ||    59
         Confused          |       |       |       |       |       |     4 |       ||     4
 Armour: Robe              |    67 |    58 |    31 |       |       |       |       ||   156
         Leather armour    |       |       |    51 |   107 |   388 |   535 |   115 ||  1196
         Skin              |       |       |       |       |       |     2 |       ||     2
         Chain mail        |       |       |       |       |       |       |   182 ||   182
  Dodge: Dodged            |   102 |    78 |   158 |   178 |   446 |   481 |   196 ||  1639
  Block: Kite shield       |       |       |       |       |       |       |    39 ||    39

Table legend: (Time is in decaauts)
 A = Elapsed time spent in this place.
 B = Non-inter-level travel time spent in this place.
 C = Inter-level travel time spent in this place.
 D = Time resting spent in this place.
 E = Time spent auto-exploring this place.
 F = Levels seen in this place.
 G = Mean time per level.
                   A        B        C        D        E       F      G
               +--------+--------+--------+--------+--------+-----+--------+
         Total |  40160 |  36740 |   3420 |   2680 |  24562 |  40 | 1004.0 |
       Dungeon |  13670 |  12262 |   1408 |    528 |   9180 |  14 |  976.4 |
          Lair |   6577 |   5747 |    830 |    348 |   4548 |   5 | 1315.4 |
         Swamp |   3186 |   2980 |    206 |    285 |   1919 |   4 |  796.5 |
   Spider Nest |   6175 |   5743 |    432 |    445 |   3903 |   4 | 1543.8 |
    Slime Pits |   1448 |   1428 |     20 |    136 |    673 |   5 |  289.6 |
  Orcish Mines |   2584 |   2307 |    277 |     11 |   1947 |   2 | 1292.0 |
   Elven Halls |   4180 |   3936 |    244 |    457 |   1511 |   3 | 1393.3 |
         Abyss |    431 |    431 |      0 |     33 |    231 |   1 |  431.0 |
      Ice Cave |   1130 |   1130 |      0 |    290 |    451 |   1 | 1130.0 |
      Gauntlet |    774 |    774 |      0 |    144 |    196 |   1 |  774.0 |
               +--------+--------+--------+--------+--------+-----+--------+

Top non-repeatable levels by time:
Spider:1: 2470 daAuts
   Orc:2: 2195 daAuts
   Elf:3: 1930 daAuts
  Lair:5: 1910 daAuts
Spider:4: 1590 daAuts
Spider:2: 1492 daAuts
    D:13: 1405 daAuts
    D:10: 1367 daAuts
  Lair:2: 1314 daAuts
     D:4: 1295 daAuts
  Lair:3: 1250 daAuts
   Elf:2: 1210 daAuts
     D:5: 1192 daAuts
  Lair:1: 1155 daAuts
   IceCv: 1130 daAuts
